 Dungeon Crawl Stone Soup version 0.27.1-3-gb3d3a73c9e (webtiles) character file.

Game seed: 7442034894756763546

206 Urokeeper the Bolt Thrower (level 6, -4/37 HPs)
             Began as a Kobold Hunter on Oct 14, 2021.
             Slain by an iguana (7 damage)
             ... on level 5 of the Dungeon on Oct 18, 2021.
             The game lasted 00:11:47 (4189 turns).

Urokeeper the Bolt Thrower (Kobold Hunter)          Turns: 4189, Time: 00:11:47

Health: -4/37      AC:  6    Str: 12    XL:     6   Next: 10%
Magic:  6/6        EV: 15    Int: 12    God:
Gold:   253        SH:  0    Dex: 15    Spells: 5/5 levels left

rFire    . . .     SeeInvis +   g - +0 long sword
rCold    . . .     Faith    .   (shield restricted)
rNeg     + . .     Spirit   .   c - +0 leather armour
rPois    .         Reflect  .   (no helmet)
rElec    .         Harm     .   n - +2 cloak
rCorr    .         Rampage  .   (no gloves)
Will     .....                  (no boots)
Stlth    +++.......             (no amulet)
HPRegen  0.12/turn              y - ring of positive energy
MPRegen  0.10/turn              t - ring of see invisible

@: no status effects
A: small, no large weapons, nightstalker 3
a: no special abilities


You were on level 5 of the Dungeon.
You visited 1 branch of the dungeon, and saw 5 of its levels.

You collected 253 gold pieces.

Inventory:

Hand Weapons
 a - a +1 hand crossbow
 b - a +0 short sword
 g - a +0 long sword (weapon)
 r - a +0 falchion
Missiles
 d - 59 bolts
Armour
 c - a +0 leather armour (worn)
 n - a +2 cloak (worn)
Magical Staves
 l - a staff of cold
Jewellery
 s - a ring of magical power
 t - a ring of see invisible (right hand)
 y - a ring of positive energy (left hand)
Scrolls
 f - a scroll of summoning
 m - 2 scrolls of magic mapping
 q - a scroll of teleportation
 u - a scroll of vulnerability
 v - a scroll of noise {unknown}
 w - a scroll of immolation {unknown}
 x - a scroll of holy word {unknown}
Potions
 e - a potion of haste
 h - a potion of degeneration {unknown}
 i - 3 potions of curing
 j - a potion of attraction {unknown}
 k - a potion of cancellation {unknown}
 o - a potion of heal wounds {unknown}
 p - 2 potions of flight {unknown}
 z - a potion of experience {unknown}


   Skills:
 + Level 3.2 Fighting
 + Level 2.7(3.0) Short Blades
 * Level 1.0(1.5) Long Blades
 + Level 5.6 Crossbows
 + Level 3.6 Dodging
 + Level 3.4 Stealth


You had 5 spell levels left.
You didn't know any spells.
Your spell library was empty.

Dungeon Overview and Level Annotations

Branches:
Dungeon (5/15)
 Temple: D:4-7

Altars:

Annotations:
D:4 2 exclusions, Grinder


Innate Abilities, Weirdness & Mutations

You are small and have problems with some larger weapons.
You are completely attuned to the shadows.


Message History

You hit the hound but do no damage.
The hound is almost dead.
The hound completely misses you. The hound bites you but does no damage.
You hit the hound.
You kill the hound!
Your Long Blades skill increases to level 1!
You have reached level 6!
Your experience leads to an increase in your attributes!
Increase (S)trength, (I)ntelligence, or (D)exterity?
You feel stronger.
You hit the iguana but do no damage. The iguana bites you!
You closely miss the iguana. The iguana bites you.
g - a +0 long sword (weapon)
You barely miss the iguana. The iguana bites you.
The iguana hisses menacingly.
The iguana misses you.
You slash the iguana!
The iguana is heavily wounded.
The iguana barely misses you.
You slash the iguana!
The iguana is almost dead.
The iguana bites you!
* * * LOW HITPOINT WARNING * * *
You feel better. The iguana bites you!
* * * LOW HITPOINT WARNING * * *
You barely miss the iguana.
The iguana is almost dead.
The iguana misses you. The iguana bites you.
* * * LOW HITPOINT WARNING * * *
You hit the iguana but do no damage.
The iguana is almost dead.
The quokka twitches its whiskers.
The iguana misses you.
You barely miss the iguana.
The iguana is almost dead.
The iguana misses you.
You completely miss the iguana.
The iguana is almost dead.
The iguana bites you!
You die...

#........#
###.......
##......
###....#.#
.........#
###..###..
#....# ..
#.##.#
#@##.#
#l##.# #r#
.# #.# ...
########


You could see an iguana and a quokka.

Vanquished Creatures
  A hound (D:5)
  2 iguanas (D:4)
  3 gnolls
  A howler monkey skeleton (D:4)
  2 adders
  2 dart slugs
  3 orcs (D:3)
  6 ball pythons
  8 endoplasms
  7 goblins
  4 hobgoblins
  4 jackals (D:1)
  4 kobolds
  2 quokkas
  5 bats
  3 frilled lizards
  3 rats
60 creatures vanquished.

Vanquished Creatures (others)
  3 withered plants (D:2)
3 creatures vanquished.

Grand Total: 63 creatures vanquished

Notes
Turn   | Place    | Note
-------+----------+-------------------------------------------
     0 | D:1      | Urokeeper the Kobold Hunter began the quest for the Orb.
     0 | D:1      | Reached XP level 1. HP: 12/12 MP: 1/1
   145 | D:1      | Reached XP level 2. HP: 18/18 MP: 2/2
   324 | D:1      | Reached skill level 1 in Short Blades
   325 | D:1      | Reached skill level 5 in Crossbows
   378 | D:1      | Reached XP level 3. HP: 14/22 MP: 3/3
  1043 | D:2      | Found a faded altar of an unknown god.
  1372 | D:2      | Reached XP level 4. HP: 27/27 MP: 4/4
  3167 | D:4      | Noticed Grinder
  3375 | D:4      | Reached XP level 5. HP: 15/32 MP: 5/5
  3618 | D:5      | Entered Level 5 of the Dungeon
  4179 | D:5      | Reached skill level 1 in Long Blades
  4179 | D:5      | Reached XP level 6. HP: 28/37 MP: 6/6
  4189 | D:5      | Slain by an iguana

Illustrated notes

Levels and vault maps discovered:
D:1:      co_arrival_random_square_maze, layout_basic, minmay_misc_feat_square
D:2:      layout_basic, ebering_ecumenical_altar_petrified, minivault_27,
          kennysheep_flooded_box
D:3:      layout_basic
D:4:      layout_cave_pools, chequers_garden, minmay_statues_item, uniq_grinder
D:5:      layout_rooms, serial_shops, nicolae_stop_n_shop_1, shop, uniq_sigmund,
          uniq_crazy_yiuf_cottage

Skill      XL: |  1  2  3  4  5 |
---------------+----------------+-----
Short Blades   | 1 2 |  2.7
Crossbows      | 5 |  5.6
Stealth        | 2 3 |  3.4
Dodging        | 3 |  3.6
Fighting       | 3 |  3.2
Long Blades    | 1 |  1.0

Action                   |  1- 3 |  4- 6 || total
-------------------------+-------+-------++-------
Melee: Short sword       |     7 |    33 ||    40
       Long sword        |       |     7 ||     7
 Fire: Hand crossbow     |    80 |    56 ||   136
  Use: Scroll            |       |     8 ||     8
       Potion            |       |     3 ||     3
 Stab: Sleeping          |       |     2 ||     2
Armor: Leather armour    |    13 |     9 ||    22
Dodge: Dodged            |    52 |    44 ||    96
